 Dungeon Crawl Stone Soup version 0.27.1-33-g824d729ab1 (webtiles) character file.

Game seed: 13525602991080755328

100 pkoi the Ruffian (level 4, -3/38 HPs)
             Began as a Draconian Monk on Dec 5, 2021.
             Killed from afar by Sigmund (5 damage)
             ... with a puff of flame
             ... on level 2 of the Dungeon.
             The game lasted 00:02:20 (2401 turns).

pkoi the Ruffian (Draconian Monk)                   Turns: 2401, Time: 00:02:20

Health: -3/38      AC:  5    Str: 14    XL:     4   Next: 46%
Magic:  4/4        EV: 12    Int: 11    God:
Gold:   65         SH:  0    Dex: 13    Spells: 3/3 levels left

rFire    . . .     SeeInvis .     - Unarmed
rCold    . . .     Faith    .   (no shield)
rNeg     . . .     Spirit   .   (armour unavailable)
rPois    .         Reflect  .   (helmet restricted)
rElec    .         Harm     .   (no cloak)
rCorr    .         Rampage  .   (no gloves)
Will     +....                  (no boots)
Stlth    ++........             (no amulet)
HPRegen  0.12/turn              g - ring of willpower
MPRegen  0.09/turn              (no ring)

@: no status effects
A: AC +5, unfitting armour, cold-blooded
a: no special abilities


You were on level 2 of the Dungeon.
You visited 1 branch of the dungeon, and saw 2 of its levels.

You collected 65 gold pieces.

Inventory:

Jewellery
 g - a ring of willpower (left hand)
Scrolls
 b - 2 scrolls of magic mapping


   Skills:
 - Level 3.2 Fighting
 + Level 2.9 Dodging
 - Level 1.7 Stealth
 * Level 5.1 Unarmed Combat


You had 3 spell levels left.
You didn't know any spells.
Your spell library was empty.

Dungeon Overview and Level Annotations

Branches:
Dungeon (2/15)

Altars:

Shops:
D:1 [

Annotations:
D:2 Sigmund


Innate Abilities, Weirdness & Mutations

Your plain brown scales are hard. (AC +5)
You cannot fit into any form of body armour.
You are cold-blooded and may be slowed by cold attacks.


Message History

You kill the giant cockroach!
No target in view!
No target in view!
No target in view!
No target in view!
No target in view!
No target in view!
HP restored.
You open the door.
Sigmund the Dreaded comes into view.
He is wielding a +2 vorpal scythe.
Sigmund barely misses you.
Sigmund is nearby!
Sigmund is nearby!
Sigmund is nearby!
Sigmund is nearby!
Sigmund casts a spell.
Sigmund flickers and vanishes!
Deactivating autopickup; reactivate with Ctrl-A.
There is an open door here.
You miss something. Something hits you!
You hit something. You closely miss something.
You hear some strange, mumbled words.
Something tries to affect you, but you resist.
You closely miss something. Something hits you!
* * * LOW HITPOINT WARNING * * *
x2 You punch something!
Something hits you.
* * * LOW HITPOINT WARNING * * *
x2 A puff of flame appears from out of thin air!
The puff of flame hits you.
* * * LOW HITPOINT WARNING * * *
Found 11 gold pieces.
A magic dart appears from out of thin air!
The magic dart hits you.
* * * LOW HITPOINT WARNING * * *
Found a coppery potion.
A puff of flame appears from out of thin air!
The puff of flame hits you.
You die...

*,************* ###
*..,,,,,,,,,,,* ***#.###########
#.#*********#.# ,,,..#.........#
#.#,,$.# #.# ***#.#.#######.#
#!#,*#.######.## #.#.# #.#
#.#,##.#....#.## ####.#.# #.#
#.#.##.#....#.## ..)....#
#.###.#.##.#....#.## ####.###
#.#@....##.#....#.##
...#.#########<..#.####.#....#.##
.......(.........................
##.#.#########.......{.......#.##
##.#.# #####.####.#....#.##
.....### #.##....#'#.....
.......###########.##.####.#.....
.........................#.#.....
.......#################.#.#.....


There were no monsters in sight!

Vanquished Creatures
  Jessica (D:2)
  2 adders
  A worm (D:2)
  A dart slug (D:1)
  2 ball pythons (D:1)
  5 endoplasms
  3 giant cockroaches
  5 goblins
  4 hobgoblins (D:1)
  2 jackals (D:1)
  9 kobolds
  2 quokkas (D:1)
  6 bats
  2 frilled lizards
45 creatures vanquished.

Vanquished Creatures (others)
  4 plants (D:1)
4 creatures vanquished.

Grand Total: 49 creatures vanquished

Notes
Turn   | Place    | Note
-------+----------+-------------------------------------------
     0 | D:1      | pkoi the Draconian Monk began the quest for the Orb.
     0 | D:1      | Reached XP level 1. HP: 19/19 MP: 1/1
    97 | D:1      | Reached XP level 2. HP: 21/26 MP: 2/2
   435 | D:1      | Reached skill level 4 in Unarmed Combat
   538 | D:1      | Found Roll's Antique Armour Emporium.
   938 | D:1      | Reached XP level 3. HP: 30/31 MP: 3/3
   967 | D:1      | You fall into a shaft and drop 1 floor!
  1193 | D:2      | Noticed Jessica
  1556 | D:1      | Noticed an eye of devastation
  1678 | D:1      | Noticed a shining eye
  1680 | D:1      | Found a faded altar of an unknown god.
  1682 | D:1      | Noticed a floating eye
  1682 | D:1      | Noticed a great orb of eyes
  1979 | D:2      | Reached XP level 4. HP: 38/38 MP: 4/4
  2050 | D:2      | Killed Jessica
  2051 | D:2      | Reached skill level 5 in Unarmed Combat
  2385 | D:2      | Noticed Sigmund
  2394 | D:2      | HP: 1/38 [something/magic dart (5)]
  2401 | D:2      | Killed from afar by Sigmund

Illustrated notes

Levels and vault maps discovered:
D:1:      dpeg_arrival_rhombi, layout_basic,
          hellmonk_ecumenical_altar_watching_god, serial_forest,
          infiniplex_forest_side_room, infiniplex_forest_lined_corner,
          infiniplex_forest_lined_3, infiniplex_forest_corner_2,
          infiniplex_forest_end_double, infiniplex_forest_clump_medium,
          infiniplex_forest_pool, infiniplex_forest_lined_room_, serial_shops,
          nicolae_shop_statue_plus
D:2:      layout_basic, serial_shops, nicolae_shop_waterfront,
          minmay_misc_feat_tiny, uniq_jessica, uniq_sigmund,
          uniq_crazy_yiuf_cottage, uniq_terence

Skill      XL: |  1  2  3  4 |
---------------+-------------+-----
Unarmed Combat | 4 5 |  5.1
Fighting       | |  3.2
Dodging        | |  2.9
Stealth        | |  1.7

Action                   |  1- 3 |  4- 6 || total
-------------------------+-------+-------++-------
Melee: Unarmed           |   164 |    30 ||   194
       Tailslap          |    17 |     3 ||    20
       Punch             |     3 |       ||     3
  Use: Scroll            |       |     6 ||     6
       Potion            |       |     1 ||     1
 Stab: Sleeping          |     2 |     1 ||     3
       Distracted        |     1 |       ||     1
Armor: Skin              |    47 |     4 ||    51
Dodge: Dodged            |    81 |     9 ||    90
